[Event "Titled Tuesday Blitz April 4 Late 2023"]
[White "Papp, Levente"]
[Black "Zeynalli, Rashad"]
[WhiteFideId "751243"]
[BlackFideId "13403320"]
[WhiteElo "2380"]
[BlackElo "2125"]
[Result "1-0"]
[Round "08"]
[TimeControl "180+2"]
[Date "2023.04.04"]
[WhiteClock "0:00:16"]
[BlackClock "0:00:24"]

1. b3 e5 2. Bb2 Nc6 3. c4 Nf6 4. Nf3 e4 5. Nd4 Bc5 6. Nf5 O-O 7. e3 d5 8. cxd5 Qxd5 9. Ng3 Ne5 10. Nc3 Nd3+ 11. Bxd3 Qxd3 12. Qb1 Qxb1+ 13. Rxb1 Re8 14. Rc1 Bb6 15. O-O Bd7 16. d3 exd3 17. Rfd1 Bc6 18. Rxd3 Ng4 19. Nf5 Ne5 20. Rd2 Rad8 21. Rcd1 Rxd2 22. Rxd2 g6 23. Nd4 Bd7 24. Nd5 Re6 25. Nxe6 1-0


[Site "https://www.chess.com"]

[Event "Titled Tuesday Blitz April 4 Late 2023"]
[White "Alex_Sahakyan2006"]
[Black "Roebers, Eline"]
[BlackFideId "1058401"]
[WhiteElo "2623"]
[BlackElo "2522"]
[Result "1-0"]
[Round "08"]
[TimeControl "180+2"]
[Date "2023.04.04"]
[WhiteClock "0:02:01"]
[BlackClock "0:01:20"]

1. Nf3 f5 2. g3 Nf6 3. Bg2 g6 4. O-O Bg7 5. d3 O-O 6. Nc3 d6 7. e4 Nc6 8. exf5 gxf5 9. d4 Ne4 10. Nxe4 fxe4 11. Ng5 d5 12. Qh5 Bf5 13. Bh3 Qc8 14. c3 e5 15. dxe5 Nxe5 16. Bf4 Bg6 17. Bxc8 Bxh5 18. Bxb7 Rad8 19. Ne6 Nf3+ 20. Kg2 1-0


[Site "https://www.chess.com"]

[Event "Titled Tuesday Blitz April 4 Late 2023"]
[White "Ehlvest, Jaan"]
[Black "Mortazavi, Ali"]
[WhiteFideId "4500016"]
[BlackFideId "401323"]
[WhiteElo "2442"]
[BlackElo "2339"]
[Result "0-1"]
[Round "08"]
[TimeControl "180+2"]
[Date "2023.04.04"]
[WhiteClock "0:00:05"]
[BlackClock "0:00:09"]

1. e4 c6 2. d4 d5 3. e5 Bf5 4. h4 c5 5. dxc5 Nc6 6. g4 Bd7 7. Nf3 e6 8. Be3 Qc7 9. Nc3 a6 10. Qe2 Nxe5 11. Nxe5 Qxe5 12. O-O-O Nf6 13. Bg2 h5 14. f4 Qc7 15. g5 Ng4 16. Nxd5 exd5 17. Bd4+ Be7 18. Rhf1 Kf8 19. f5 Bxc5 20. Bxc5+ Qxc5 21. Rxd5 Qe3+ 22. Qxe3 Nxe3 23. Rxd7 Nxg2 24. f6 gxf6 25. Rxf6 Rh7 26. g6 Rg7 27. gxf7 Nxh4 28. Rh6 Ng6 29. Rxh5 b5 30. Rf5 Ne7 31. Rc5 Rxf7 32. Rcc7 a5 33. b3 b4 34. Kb2 Rg7 35. Rb7 Rf7 36. Rdc7 Rh7 37. a4 Rg7 38. Rc5 Rg2 39. Rbb5 Rd8 40. Rxa5 Rdd2 41. Rab5 Ng6 42. a5 Nf4 43. a6 Nd3+ 44. Ka2 Nxc5 45. Rxc5 Rxc2+ 0-1


[Site "https://www.chess.com"]

[Event "Titled Tuesday Blitz April 4 Late 2023"]
[White "Aggelis, Nikolaos"]
[Black "Poliakova, Varvara"]
[WhiteFideId "4213220"]
[BlackFideId "13518313"]
[WhiteElo "2189"]
[BlackElo "2075"]
[Result "1-0"]
[Round "08"]
[TimeControl "180+2"]
[Date "2023.04.04"]
[WhiteClock "0:01:09"]
[BlackClock "0:02:01"]

1. e4 d5 2. exd5 Qxd5 3. Nc3 Qd6 4. d4 c6 5. Bc4 Nf6 6. Nf3 Bg4 7. Be3 e6 8. h3 Bh5 9. O-O Nbd7 10. Be2 Nb6 11. Ne5 Bxe2 12. Qxe2 Be7 13. a4 Nbd5 14. a5 Nxe3 15. fxe3 O-O 16. a6 b5 17. Qf3 Rac8 18. Nd3 Qd5 19. Nxd5 cxd5 20. Nc5 Bxc5 21. dxc5 Rxc5 22. c3 Rfc8 23. Qe2 Rc4 24. Ra5 b4 25. cxb4 Ne4 26. Qf3 f5 27. Qf4 Rc2 28. Qe5 Kf7 29. Rb5 R2c7 30. Rb7 Re7 31. Rxe7+ Kxe7 32. Qxg7+ Kd6 33. Qxa7 1-0


[Site "https://www.chess.com"]

[Event "Titled Tuesday Blitz April 4 Late 2023"]
[White "Bellahcene, Bilel"]
[Black "Goroshkov, Maksym"]
[WhiteFideId "696358"]
[BlackFideId "14142716"]
[WhiteElo "2566"]
[BlackElo "2322"]
[Result "1-0"]
[Round "08"]
[TimeControl "180+2"]
[Date "2023.04.04"]
[WhiteClock "0:00:05"]
[BlackClock "0:00:46"]

1. e4 e5 2. Nf3 d6 3. c4 Nf6 4. Nc3 c5 5. g3 Nc6 6. Bg2 Be6 7. d3 Be7 8. Ng5 Bd7 9. f4 Nd4 10. O-O O-O 11. Be3 Ng4 12. Bd2 exf4 13. gxf4 Bxg5 14. fxg5 Ne5 15. Bf4 Bg4 16. Qd2 Nef3+ 17. Bxf3 Nxf3+ 18. Rxf3 Bxf3 19. Qf2 Bg4 20. Qg3 Qd7 21. Bxd6 Rfd8 22. Bxc5 Qxd3 23. Qxg4 Qxc4 24. Be3 Rd3 25. Qf4 Rad8 26. Rf1 Kh8 27. h4 Qe6 28. Kg2 Re8 29. Rf3 a6 30. Bf2 Rxf3 31. Qxf3 b5 32. a3 Qb3 33. Qe2 b4 34. axb4 Qxb4 35. h5 Kg8 36. h6 Qa5 37. Be3 Qe5 38. Qf3 Rb8 39. Qf2 Rd8 40. hxg7 Qxg7 41. Nd5 Qg6 42. Ne7+ 1-0


[Site "https://www.chess.com"]

[Event "Titled Tuesday Blitz April 4 Late 2023"]
[White "Santos Flores, Alberto"]
[Black "Di Berardino, Diego Rafael"]
[WhiteFideId "3601234"]
[BlackFideId "2105446"]
[WhiteElo "2235"]
[BlackElo "2432"]
[Result "0-1"]
[Round "08"]
[TimeControl "180+2"]
[Date "2023.04.04"]
[WhiteClock "0:00:06"]
[BlackClock "0:00:43"]

1. d4 d5 2. Bf4 Nf6 3. e3 c5 4. c3 Nc6 5. Nd2 cxd4 6. exd4 Bf5 7. Ngf3 e6 8. Nh4 Bg6 9. Nxg6 hxg6 10. Bd3 Bd6 11. Bxd6 Qxd6 12. h3 g5 13. Qe2 g4 14. O-O-O gxh3 15. Rxh3 Rxh3 16. gxh3 Qf4 17. Qf3 Qxf3 18. Nxf3 Ke7 19. Rg1 g6 20. h4 Rh8 21. Re1 Nh5 22. Kd2 Nf4 23. Bf1 Nb8 24. Ke3 Nh5 25. Rc1 Nd7 26. c4 dxc4 27. Rxc4 Nhf6 28. Kd2 Nd5 29. Rc1 N7f6 30. Bd3 Ng4 31. Rf1 Nf4 32. Be4 b6 33. a3 Rh5 34. Bb1 a5 35. Be4 Rb5 36. Kc2 Nf6 37. Bc6 Rh5 38. Rh1 Rh8 39. Kd2 Rc8 40. Bb5 Ng4 41. Rf1 Rd8 42. Kc2 Nh3 43. Ne5 Nxe5 44. dxe5 Rd5 45. a4 Rxe5 46. Rd1 Rc5+ 47. Kb3 Rd5 48. Rxd5 exd5 49. f3 Nf4 50. Kc3 Kd6 51. Kd4 Ng2 52. Be8 Nxh4 53. Bxf7 Nxf3+ 54. Ke3 Ne5 55. Be8 Nc4+ 56. Kd4 Nxb2 57. Bxg6 Nxa4 58. Bd3 Nc5 59. Bb5 Ne6+ 60. Kc3 Kc5 61. Be2 d4+ 62. Kc2 Nf4 63. Bf3 Kb4 64. Kb2 a4 65. Ka2 a3 66. Bd1 d3 67. Bf3 d2 68. Bd1 Nd5 69. Bc2 Nc3+ 70. Ka1 d1=Q+ 71. Bxd1 Nxd1 72. Ka2 Ka4 73. Kb1 Kb3 74. Ka1 Ne3 75. Kb1 a2+ 76. Kc1 a1=Q+ 0-1


[Site "https://www.chess.com"]

[Event "Titled Tuesday Blitz April 4 Late 2023"]
[White "Kavutskiy, Konstantin"]
[Black "QuiesPrecatio"]
[WhiteFideId "2026384"]
[WhiteElo "2323"]
[BlackElo "2470"]
[Result "1-0"]
[Round "08"]
[TimeControl "180+2"]
[Date "2023.04.04"]
[WhiteClock "0:00:29"]
[BlackClock "0:00:04"]

1. d4 Nf6 2. Bg5 e6 3. Nd2 d5 4. e3 Be7 5. Bd3 c5 6. c3 Nc6 7. Ngf3 h6 8. Bh4 b6 9. O-O Bb7 10. Ne5 Nxe5 11. dxe5 Nd7 12. Bxe7 Qxe7 13. f4 O-O 14. Qh5 Qe8 15. Qh4 f6 16. Nf3 fxe5 17. Nxe5 Nxe5 18. fxe5 Qd7 19. Qg4 Rxf1+ 20. Rxf1 Qe8 21. Rf6 Kh8 22. Rxe6 Qf7 23. Bg6 Qf8 24. Bf5 Qf7 25. Qg6 Qxg6 26. Bxg6 Rf8 27. Re7 Ba6 28. h3 Bc4 29. b3 Be2 30. e6 a5 31. Rf7 Rb8 32. e7 Kg8 33. Rf2 Bb5 34. Bf7+ Kh8 35. Bxd5 Re8 36. Rf8+ Kh7 37. Bg8+ Kg6 38. Bf7+ Kf6 39. Bxe8+ Kxe7 40. Bxb5 Kxf8 1-0


[Site "https://www.chess.com"]

[Event "Titled Tuesday Blitz April 4 Late 2023"]
[White "Romkachess"]
[Black "Janaszak, Dawid"]
[BlackFideId "1119206"]
[WhiteElo "2464"]
[BlackElo "2220"]
[Result "1-0"]
[Round "08"]
[TimeControl "180+2"]
[Date "2023.04.04"]
[WhiteClock "0:00:18"]
[BlackClock "0:00:03"]

1. e4 c5 2. Nf3 Nc6 3. Bb5 e5 4. O-O Nge7 5. a4 g6 6. Re1 Bg7 7. c3 O-O 8. h3 d5 9. exd5 Qxd5 10. d3 Bf5 11. Be3 Rfd8 12. Na3 Bxd3 13. Bxd3 Qxd3 14. Bxc5 Qxd1 15. Raxd1 Nf5 16. g4 b6 17. gxf5 bxc5 18. fxg6 hxg6 19. Nc4 f6 20. Nfd2 Rd3 21. Ne4 Rad8 22. Rxd3 Rxd3 23. Re3 Rd1+ 24. Kg2 Ne7 25. Nxc5 Nd5 26. Rg3 g5 27. Ne3 Nf4+ 28. Kf3 Rb1 29. b4 Rc1 30. Ne4 Kf7 31. Nf5 Bf8 32. h4 gxh4 33. Nxh4 Ke6 34. Ng6 Nxg6 35. Rxg6 Be7 36. Rh6 Kf7 37. Rh7+ Ke6 38. Ke2 f5 39. Rh6+ Kd5 40. Ng3 Rxc3 41. Nxf5 Bxb4 42. Ne3+ Kc5 43. Ra6 1-0


[Site "https://www.chess.com"]

[Event "Titled Tuesday Blitz April 4 Late 2023"]
[White "Ambartsumova, Karina"]
[Black "Harriott, Tyrell"]
[WhiteFideId "4166299"]
[BlackFideId "2086484"]
[WhiteElo "2240"]
[BlackElo "2107"]
[Result "1-0"]
[Round "08"]
[TimeControl "180+2"]
[Date "2023.04.04"]
[WhiteClock "0:00:29"]
[BlackClock "0:00:06"]

1. e4 e6 2. d4 d5 3. Nc3 f5 4. exd5 exd5 5. Nf3 Nf6 6. Bd3 Bd6 7. O-O O-O 8. Ne5 Nc6 9. Nxc6 bxc6 10. Ne2 Ne4 11. Bf4 Be7 12. f3 Ng5 13. Qd2 Ne6 14. Be5 c5 15. c3 Bb7 16. Rae1 cxd4 17. cxd4 c5 18. Nf4 Nxd4 19. Bxd4 cxd4 20. Ne6 Qb6 21. Nxf8 Bb4 22. Nd7 Qd6 23. Qg5 Qxd7 24. Bxf5 Qd6 25. Re6 Qf8 26. Qh5 Qf7 27. Qxh7+ Kf8 28. Qh8+ Qg8 29. Qh4 Qf7 30. Qxd4 Ba5 31. Qc5+ Kg8 32. Qxa5 Qxf5 33. Rfe1 Qf7 34. Re7 Qf6 35. Rxb7 Qd4+ 36. Kh1 Qf2 37. Rbe7 Rf8 38. Qc3 Rf7 39. Rxf7 Kxf7 40. a4 Kg8 41. a5 d4 42. Qc8+ Kh7 43. Qf5+ Kh6 44. Re6+ 1-0


[Site "https://www.chess.com"]

[Event "Titled Tuesday Blitz April 4 Late 2023"]
[White "feuervogel1000000"]
[Black "Romanchuk, Viktor"]
[BlackFideId "14109271"]
[WhiteElo "2295"]
[BlackElo "2242"]
[Result "0-1"]
[Round "08"]
[TimeControl "180+2"]
[Date "2023.04.04"]
[WhiteClock "0:00:24"]
[BlackClock "0:00:03"]

1. e4 c6 2. d4 d5 3. e5 c5 4. dxc5 e6 5. a3 Nc6 6. Nf3 Bxc5 7. b4 Bb6 8. Bb2 Nge7 9. Bd3 Ng6 10. O-O Nf4 11. Re1 Nxd3 12. Qxd3 O-O 13. c4 dxc4 14. Qxc4 Bd7 15. Nc3 Ne7 16. Qg4 Bc6 17. Rad1 Qe8 18. Ne4 Bxe4 19. Rxe4 Rd8 20. Rde1 Qa4 21. Qg5 Ng6 22. h4 h6 23. Qg3 Rd1 24. h5 Ne7 25. Nh4 Qc2 26. Rxd1 Qxd1+ 27. Kh2 Qxh5 28. Qh3 Nf5 29. Nxf5 Qxh3+ 30. Kxh3 exf5 31. Rf4 g6 32. g4 fxg4+ 33. Kxg4 Rd8 34. e6 f5+ 35. Kh3 Re8 36. Rh4 h5 37. Rc4 Rxe6 38. Rc8+ Kf7 39. Rb8 Re7 40. Kg3 g5 41. Rh8 h4+ 42. Kf3 Rc7 43. Rh7+ Ke6 44. Rh6+ Kd5 45. Rf6 g4+ 46. Kg2 h3+ 47. Kg3 Ke4 48. Re6+ Kd3 49. Rf6 Rc2 50. Rxf5 Rxb2 51. Kxg4 Rxf2 52. Rh5 h2 53. a4 Be3 54. Kg3 Re2 55. Kf3 Rf2+ 56. Kg3 Rb2 57. Kf3 Bg1 58. Rd5+ Kc4 59. Rh5 Kxb4 60. Rh4+ Ka5 61. Kg3 Rb4 62. Rh5+ Kxa4 63. Kg2 a5 64. Kh1 b5 65. Rg5 Rc4 66. Rg2 b4 67. Rc2 Kb5 68. Rb2 Bc5 69. Kxh2 a4 70. Kg3 a3 71. Ra2 b3 72. Kf3 bxa2 0-1


[Site "https://www.chess.com"]

[Event "Titled Tuesday Blitz April 4 Late 2023"]
[White "Djordjevic, Dejan N"]
[Black "Fiorito, Francisco"]
[WhiteFideId "913316"]
[BlackFideId "180165"]
[WhiteElo "2261"]
[BlackElo "2341"]
[Result "0-1"]
[Round "08"]
[TimeControl "180+2"]
[Date "2023.04.04"]
[WhiteClock "0:00:01"]
[BlackClock "0:00:51"]

1. e4 e5 2. Nf3 Nf6 3. Nxe5 d6 4. Nf3 Nxe4 5. d4 d5 6. Bd3 Be7 7. O-O Nc6 8. c4 Nb4 9. Be2 O-O 10. Nc3 Bf5 11. Bf4 Nxc3 12. bxc3 Nc6 13. cxd5 Qxd5 14. Qb3 Qxb3 15. axb3 Bd6 16. Bg3 a6 17. Rfe1 Rfe8 18. Bc4 Rad8 19. Ng5 Bg6 20. b4 h6 21. Nf3 Be4 22. Nd2 Bf5 23. Bd5 Bxg3 24. Bxc6 Bxf2+ 25. Kxf2 Rxe1 26. Rxe1 bxc6 27. Re7 Rd7 28. Re8+ Kh7 29. Re5 Rd5 30. Re7 Rd7 31. Re5 Kg6 32. Ke3 Rd6 33. Ra5 Re6+ 34. Kf2 Bd3 35. Nf3 f6 36. h4 Kf7 37. Rc5 Ke7 38. Ra5 Kd7 39. Ra1 Re2+ 40. Kg3 Rc2 41. Ra3 g5 42. Ne1 Rd2 43. hxg5 hxg5 44. Kf3 Bc4 45. g3 f5 46. g4 f4 47. Ra5 Bd5+ 48. Rxd5+ cxd5 0-1


[Site "https://www.chess.com"]

[Event "Titled Tuesday Blitz April 4 Late 2023"]
[White "Makaraci, Tunahan"]
[Black "lolliNOPE"]
[WhiteFideId "6356559"]
[WhiteElo "2160"]
[BlackElo "2169"]
[Result "1-0"]
[Round "08"]
[TimeControl "180+2"]
[Date "2023.04.04"]
[WhiteClock "0:00:07"]
[BlackClock "0:00:23"]

1. e4 c6 2. d4 d5 3. exd5 cxd5 4. c4 Nf6 5. Nc3 Nc6 6. Bg5 e6 7. c5 Be7 8. Nf3 O-O 9. Bb5 Bd7 10. O-O Ne4 11. Bxe7 Qxe7 12. Rc1 f5 13. Bxc6 bxc6 14. Ne5 Rfb8 15. b3 a5 16. Nxe4 fxe4 17. f3 exf3 18. Rxf3 Be8 19. Qd2 a4 20. b4 a3 21. Rcf1 Bh5 22. Nxc6 Qb7 23. Nxb8 Bxf3 24. Rxf3 Rxb8 25. Rb3 Qb5 26. h3 Rf8 27. Qe1 Rf6 28. Rxa3 h6 29. Rf3 Rxf3 30. gxf3 Kf7 31. Kf2 Qd3 32. Qe3 Qc2+ 33. Kg3 Qg6+ 34. Kf2 Qc2+ 35. Qe2 Qc3 36. Qe5 Qxb4 37. c6 Qb2+ 38. Kg3 Qxa2 39. Qf4+ Ke7 40. Qc7+ Kf6 41. Qd8+ Kg6 42. Qe8+ Kf6 43. c7 Qd2 44. Qd8+ Kf5 45. Qf8+ Kg6 46. Qe8+ Kf6 47. Qd8+ Kg6 48. Qh4 Qc1 49. Qg4+ Kf6 50. Qf4+ Qxf4+ 51. Kxf4 g5+ 52. Kg4 Kg6 53. c8=Q h5+ 54. Kg3 Kf5 55. Qf8+ 1-0


[Site "https://www.chess.com"]

[Event "Titled Tuesday Blitz April 4 Late 2023"]
[White "Krasteva, Beloslava"]
[Black "Baskakov, Egor"]
[WhiteFideId "2922029"]
[BlackFideId "24197866"]
[WhiteElo "2187"]
[BlackElo "2212"]
[Result "0-1"]
[Round "08"]
[TimeControl "180+2"]
[Date "2023.04.04"]
[WhiteClock "0:00:03"]
[BlackClock "0:01:48"]

1. d4 Nf6 2. Bg5 e6 3. Nf3 d5 4. e3 Be7 5. Bd3 Ne4 6. Bf4 O-O 7. Nbd2 f5 8. O-O c6 9. Ne1 g5 10. Be5 Nd7 11. f3 Nxd2 12. Qxd2 Nxe5 13. dxe5 Bd7 14. c4 a5 15. Nc2 Qb6 16. cxd5 cxd5 17. Nd4 Rac8 18. Rac1 a4 19. Kh1 Rxc1 20. Rxc1 Rc8 21. Rxc8+ Bxc8 22. Bb5 a3 23. Qc3 Qc5 24. Qxc5 Bxc5 25. bxa3 f4 26. Nc2 fxe3 27. a4 b6 28. g3 g4 29. Kg2 Bb7 30. fxg4 d4+ 31. Kf1 Be4 32. Ne1 Bd5 33. Nd3 Ba3 34. Ke2 Bxa2 35. Nf4 Kf7 36. Kd3 Bc5 37. Bc4 Bb1+ 38. Ke2 Bc2 0-1


[Site "https://www.chess.com"]

[Event "Titled Tuesday Blitz April 4 Late 2023"]
[White "liwadas82"]
[Black "Weetik, Vjacheslav"]
[BlackFideId "4153472"]
[WhiteElo "2476"]
[BlackElo "2469"]
[Result "0-1"]
[Round "08"]
[TimeControl "180+2"]
[Date "2023.04.04"]
[WhiteClock "0:00:10"]
[BlackClock "0:00:08"]

1. e4 c5 2. Nf3 Nc6 3. d4 cxd4 4. Nxd4 g6 5. Nc3 Bg7 6. Be3 Nf6 7. Bc4 O-O 8. Bb3 Qa5 9. O-O d6 10. Re1 Ng4 11. Nxc6 bxc6 12. Bd2 Bd4 13. Rf1 Qe5 14. g3 Qh5 15. h4 Qc5 16. Qe2 Ne5 17. Kg2 a5 18. Na4 Qa7 19. c4 Be6 20. Rac1 Rab8 21. f4 Bg4 22. Qe1 Nd3 23. f5 Nxe1+ 24. Rcxe1 c5 25. Nc3 a4 26. Nxa4 gxf5 27. Nc3 Rxb3 28. axb3 Qb7 29. Nd5 e6 30. Nf4 fxe4 31. Be3 Bf3+ 32. Kh2 Qxb3 33. Bxd4 cxd4 34. Rf2 Rc8 35. Nh3 h6 36. Ng1 Rxc4 37. Nxf3 exf3 38. Re4 Rc2 39. Rg4+ Kf8 40. Kg1 Rxf2 41. Kxf2 Qe3+ 42. Kf1 Qe2+ 43. Kg1 Qg2# 0-1


[Site "https://www.chess.com"]

[Event "Titled Tuesday Blitz April 4 Late 2023"]
[White "Han, Yichen"]
[Black "LuckyMajky"]
[WhiteFideId "1054430"]
[WhiteElo "2342"]
[BlackElo "2461"]
[Result "1-0"]
[Round "08"]
[TimeControl "180+2"]
[Date "2023.04.04"]
[WhiteClock "0:01:40"]
[BlackClock "0:01:27"]

1. d4 Nf6 2. Nf3 c5 3. d5 b5 4. Bg5 Qb6 5. Bxf6 Qxf6 6. c3 d6 7. e4 a6 8. Nbd2 Bg4 9. a4 b4 10. cxb4 cxb4 11. Nc4 Bxf3 12. Qxf3 Qxf3 13. gxf3 Nd7 14. a5 Nc5 15. Nb6 Ra7 16. Rc1 g6 17. Rc4 b3 18. e5 Bg7 19. f4 O-O 20. Bh3 Rd8 21. O-O g5 22. fxg5 Bxe5 23. Rb1 Kg7 24. f4 1-0


[Site "https://www.chess.com"]

[Event "Titled Tuesday Blitz April 4 Late 2023"]
[White "WindWhistler11"]
[Black "Fiorito, Joaquin"]
[BlackFideId "180173"]
[WhiteElo "2456"]
[BlackElo "2157"]
[Result "1/2-1/2"]
[Round "08"]
[TimeControl "180+2"]
[Date "2023.04.04"]
[WhiteClock "0:00:03"]
[BlackClock "0:00:37"]

1. Nf3 d5 2. c4 c6 3. g3 Nf6 4. b3 Bf5 5. Bg2 e6 6. O-O Be7 7. Bb2 h6 8. d3 O-O 9. Qc2 a5 10. a3 Nbd7 11. Nbd2 Bh7 12. Rac1 Bd6 13. Rfe1 e5 14. cxd5 cxd5 15. e4 Rc8 16. Qb1 Qb6 17. Rxc8 Rxc8 18. Qa1 Ng4 19. Re2 Nc5 20. h3 Nxf2 21. d4 Ncxe4 22. Kh2 Nd3 23. dxe5 Bc5 24. b4 axb4 25. axb4 Qxb4 26. e6 Qxb2 27. exf7+ Kxf7 28. Qd1 Nc3 29. Qf1 Nxe2 30. Ne5+ Kg8 31. Bxd5+ Kh8 32. Nf7+ Kg8 33. Nd8+ Kh8 34. Nf7+ Kg8 35. Nd8+ Kh8 36. Nf7+ 1/2-1/2


[Site "https://www.chess.com"]

[Event "Titled Tuesday Blitz April 4 Late 2023"]
[White "Jimenez Jimenez, Leandro"]
[Black "Kim, Sergey"]
[WhiteFideId "6415253"]
[BlackFideId "13700570"]
[WhiteElo "2263"]
[BlackElo "2528"]
[Result "1-0"]
[Round "08"]
[TimeControl "180+2"]
[Date "2023.04.04"]
[WhiteClock "0:00:30"]
[BlackClock "0:00:05"]

1. d4 Nf6 2. c4 g6 3. Nc3 Bg7 4. e4 d6 5. f3 O-O 6. Be3 Nc6 7. Nge2 a6 8. Qd2 Rb8 9. Nc1 e5 10. d5 Nd4 11. Nb3 c5 12. dxc6 bxc6 13. Nxd4 exd4 14. Bxd4 d5 15. e5 Re8 16. Be2 Nd7 17. cxd5 cxd5 18. f4 Bh6 19. Be3 Nxe5 20. fxe5 Bxe3 21. Qxe3 d4 22. Qg3 dxc3 23. Qxc3 Qh4+ 24. g3 Qe4 25. Kf2 Rxe5 26. Bf3 Qf5 27. Rhe1 Rxe1 28. Rxe1 Bb7 29. Re3 Rc8 30. Qb3 Rc2+ 31. Re2 Rxe2+ 32. Kxe2 Bxf3+ 33. Qxf3 Qc2+ 34. Ke3 Qxb2 35. Qa8+ Kg7 36. Qxa6 Qxh2 37. Kf3 h5 38. a4 Qh1+ 39. Ke3 Qg2 40. Qd6 Qg1+ 41. Ke2 Qg2+ 42. Ke3 Qg1+ 43. Kd2 Qf2+ 44. Kc3 Qf3+ 45. Kc4 Qe4+ 46. Qd4+ Qxd4+ 47. Kxd4 g5 48. a5 h4 49. gxh4 gxh4 50. Ke3 h3 51. Kf2 1-0


[Site "https://www.chess.com"]

[Event "Titled Tuesday Blitz April 4 Late 2023"]
[White "Vovk, Orest"]
[Black "reevecanada"]
[WhiteFideId "14113490"]
[WhiteElo "2215"]
[BlackElo "2444"]
[Result "0-1"]
[Round "08"]
[TimeControl "180+2"]
[Date "2023.04.04"]
[WhiteClock "0:00:01"]
[BlackClock "0:00:59"]

1. h4 d5 2. h5 e5 3. h6 Nxh6 4. d4 Ng4 5. f3 Nf6 6. dxe5 Ng8 7. e4 dxe4 8. Qxd8+ Kxd8 9. Nc3 Nc6 10. f4 Bf5 11. Be3 Nge7 12. O-O-O+ Ke8 13. Bc4 a6 14. Nge2 g6 15. Ng3 Bg7 16. Ngxe4 Rd8 17. Nf6+ Bxf6 18. exf6 Ng8 19. Nd5 Rd7 20. Bc5 Be6 21. Rhe1 Na5 22. Nxc7+ Rxc7 23. Bb6 Rd7 24. Bxa5 Rxd1+ 25. Kxd1 Nxf6 26. Bxe6 fxe6 27. Rxe6+ Kf7 28. Rd6 Re8 29. Be1 Re4 30. g3 Ng4 31. Rd7+ Ke6 32. Rd3 Ne3+ 33. Ke2 Nc4+ 34. Kf2 Nxb2 35. Re3 Nd1+ 0-1


[Site "https://www.chess.com"]

[Event "Titled Tuesday Blitz April 4 Late 2023"]
[White "Melikhov, Evgeny V."]
[Black "Korkmaz, Necmettin"]
[WhiteFideId "4122046"]
[BlackFideId "6303285"]
[WhiteElo "2158"]
[BlackElo "2097"]
[Result "0-1"]
[Round "08"]
[TimeControl "180+2"]
[Date "2023.04.04"]
[WhiteClock "0:00:01"]
[BlackClock "0:01:03"]

1. d4 d5 2. c4 e5 3. dxe5 d4 4. Nf3 Nc6 5. g3 Be6 6. b3 Qd7 7. Bg2 Bh3 8. e6 Bxe6 9. O-O O-O-O 10. Bb2 Bh3 11. Nbd2 Bxg2 12. Kxg2 h5 13. h4 Nge7 14. Ne4 Ng6 15. a3 Qg4 16. Neg5 d3 17. e3 Rd7 18. b4 f6 19. Nh3 Nce5 20. Nxe5 Nxe5 21. Qxg4 hxg4 22. Nf4 Nxc4 23. Bd4 d2 24. Rfd1 Bd6 25. Ne2 Be5 26. Ra2 Bxd4 27. Nxd4 Re8 28. Kg1 a6 29. a4 c6 30. b5 c5 31. Nb3 b6 32. bxa6 Rd3 33. Nxd2 Red8 34. Rc1 Nxd2 35. a5 Nf3+ 36. Kg2 Rd1 0-1


[Site "https://www.chess.com"]

[Event "Titled Tuesday Blitz April 4 Late 2023"]
[White "marik_spb"]
[Black "Koutlas, Nikolaos"]
[BlackFideId "25827138"]
[WhiteElo "2422"]
[BlackElo "2215"]
[Result "1-0"]
[Round "08"]
[TimeControl "180+2"]
[Date "2023.04.04"]
[WhiteClock "0:00:42"]
[BlackClock "0:00:08"]

1. d4 Nf6 2. c4 e6 3. Nf3 b6 4. Nc3 Bb7 5. Bg5 Be7 6. Bxf6 Bxf6 7. e4 d6 8. Be2 O-O 9. O-O c5 10. e5 Be7 11. dxc5 dxe5 12. Qxd8 Rxd8 13. cxb6 axb6 14. Nxe5 Rd2 15. Rab1 f6 16. Bf3 Ra5 17. Bxb7 Rxe5 18. Rfd1 Rxd1+ 19. Rxd1 Nd7 20. f4 Bc5+ 21. Kf1 Rf5 22. Rxd7 Rxf4+ 23. Ke1 Rxc4 24. Kd2 Rf4 25. Ne4 Bf8 26. Ke3 Rf1 27. Rc7 h6 28. Bc8 e5 29. Be6+ Kh7 30. Ke2 Rf4 31. Kd3 f5 32. Ng3 Kg6 33. Bxf5+ Kg5 34. Be4 Rf2 35. Rc6 Bc5 36. Rg6+ Kh4 37. Nf5+ Kh5 38. Nxg7+ Kh4 39. Nf5+ Kh5 40. Rxh6+ Kg5 41. h4+ Kf4 42. g3+ Kg4 43. Rg6+ Kh3 44. h5 Rxb2 45. h6 Rxa2 46. h7 Ra3+ 47. Kc2 Ra2+ 48. Kb3 Ra3+ 49. Kb2 1-0


[Site "https://www.chess.com"]

[Event "Titled Tuesday Blitz April 4 Late 2023"]
[White "Fernandez Sanchez, Mario Andres"]
[Black "Meunier-Pion, Jean"]
[WhiteFideId "6501621"]
[BlackFideId "20685327"]
[WhiteElo "2050"]
[BlackElo "2124"]
[Result "1-0"]
[Round "08"]
[TimeControl "180+2"]
[Date "2023.04.04"]
[WhiteClock "0:00:52"]
[BlackClock "0:00:25"]

1. d4 Nf6 2. Bf4 e6 3. e3 c5 4. c3 d5 5. Nf3 Nc6 6. Nbd2 Be7 7. Bd3 O-O 8. h4 Bd6 9. Ne5 Bxe5 10. dxe5 Nd7 11. Nf3 f5 12. exf6 Nxf6 13. Ne5 Bd7 14. h5 d4 15. h6 g6 16. Bxg6 hxg6 17. h7+ Nxh7 18. Qg4 Nxe5 19. Bxe5 Be8 20. Qxe6+ Bf7 21. Qh3 Re8 22. Qxh7+ Kf8 23. Qg7+ Ke7 24. Qf6+ Kd7 25. Qd6+ Kc8 26. Qxc5+ Kd7 27. O-O-O Ke6 28. Rxd4 Qe7 29. Rd6+ Kf5 30. Bf6+ Qe5 31. Bxe5 Rxe5 32. Qc7 Be6 33. g4+ Kf6 34. Rh7 Re4 35. Qe7+ Ke5 36. Rxe6+ Kd5 37. Rxe4 Rb8 38. Qe6+ Kc5 39. Rc4+ Kb5 40. Qd5+ Ka6 41. Ra4+ Kb6 42. Rb4+ Ka6 43. Qb5# 1-0


[Site "https://www.chess.com"]

[Event "Titled Tuesday Blitz April 4 Late 2023"]
[White "Romero Pallares, Daniel"]
[Black "Rosenberg, Evan S"]
[WhiteFideId "32025637"]
[BlackFideId "2019299"]
[WhiteElo "2195"]
[BlackElo "2233"]
[Result "1-0"]
[Round "08"]
[TimeControl "180+2"]
[Date "2023.04.04"]
[WhiteClock "0:01:12"]
[BlackClock "0:00:01"]

1. d4 d5 2. Nf3 Bf5 3. Bf4 e6 4. e3 Bd6 5. Bd3 Bxd3 6. Qxd3 c6 7. Nbd2 Ne7 8. h4 Ng6 9. Bxd6 Qxd6 10. h5 Ne7 11. h6 g6 12. e4 Nd7 13. O-O-O O-O-O 14. Kb1 Kb8 15. c4 dxc4 16. Nxc4 Qc7 17. Qa3 Nb6 18. Nxb6 axb6 19. Rc1 f6 20. Rhd1 Rhe8 21. Qb3 Nc8 22. a3 Qf4 23. Qe3 Qxe3 24. fxe3 e5 25. dxe5 fxe5 26. Rxd8 Rxd8 27. Nxe5 Re8 28. Ng4 Rxe4 29. Nf6 Re7 30. Rd1 Kc7 31. g4 Nd6 32. g5 Nf5 33. e4 Ng3 34. e5 Nf5 35. e6 Nd6 36. Re1 Nf5 37. Kc2 c5 38. b4 1-0


[Site "https://www.chess.com"]

[Event "Titled Tuesday Blitz April 4 Late 2023"]
[White "Manzone, Alessandro"]
[Black "Yanayt, Eugene"]
[WhiteFideId "112488"]
[BlackFideId "2020165"]
[WhiteElo "2255"]
[BlackElo "2083"]
[Result "1-0"]
[Round "08"]
[TimeControl "180+2"]
[Date "2023.04.04"]
[WhiteClock "0:00:15"]
[BlackClock "0:00:18"]

1. d4 Nf6 2. c4 g6 3. Nc3 Bg7 4. Nf3 d6 5. g3 O-O 6. Bg2 Qe8 7. O-O e5 8. e4 Nc6 9. d5 Nd4 10. Nxd4 exd4 11. Nb5 Qe7 12. Re1 c5 13. dxc6 bxc6 14. Nxd4 Bg4 15. f3 Bd7 16. Be3 Rfb8 17. b3 d5 18. exd5 cxd5 19. Bf2 Qd6 20. Rc1 a5 21. c5 Qc7 22. c6 Bc8 23. Be3 Rb4 24. a3 Rb6 25. Kh1 Ba6 26. Bf4 Qc8 27. c7 Nh5 28. Bg5 f6 29. Bd2 Bf8 30. Bxa5 Rd6 31. Bb4 Rd7 32. Bh3 f5 33. Bxf8 Qxf8 34. f4 Nf6 35. Re6 Ne4 36. Qc2 Qc8 37. Nc6 Kf7 38. Nd4 Ra7 39. Rc6 Bb7 40. Nb5 Ra5 41. Nd6+ Rxd6 42. Rxd6 Nxd6 43. Bg2 Ne4 44. Qb2 Ra6 45. b4 Rc6 46. Rxc6 Bxc6 47. b5 Qxc7 48. bxc6 Qxc6 49. h3 Qd7 50. Kh2 d4 51. Qb3+ Kf6 52. Qb6+ Qd6 53. Qb2 Kf7 54. a4 d3 55. Qb3+ Ke7 56. Bf3 d2 57. Bd1 Nf2 58. Qb7+ Kf6 59. Qb2+ Ke7 60. Qb7+ Ke6 61. Qb3+ Qd5 62. Qc2 Nxd1 63. Qxd1 Qd3 64. Kg2 Qe3 65. Kf1 Qd3+ 66. Qe2+ Qxe2+ 67. Kxe2 Kd5 68. Kxd2 Kc4 69. Ke3 Kb4 70. Kd4 Kxa4 71. Ke5 Kb4 72. Kf6 Kc4 73. Kg7 Kd3 74. Kxh7 Ke3 75. Kxg6 Kf3 76. Kxf5 Kxg3 77. Kg5 Kf3 78. f5 Ke4 79. f6 Ke5 80. f7 Ke6 81. f8=Q 1-0


[Site "https://www.chess.com"]